 Dungeon Crawl Stone Soup version 0.28.0 (webtiles) character file.

Game seed: 10586244852176890454

35 horus123 the Magician (level 3, -5/22 HPs)
             Began as a Deep Elf Cinder Acolyte on Feb 6, 2022.
             Was a High Priest of Ignis.
             Killed from afar by Sigmund (7 damage)
             ... with a magic dart
             ... on level 2 of the Dungeon.
             The game lasted 00:02:09 (1658 turns).

horus123 the Magician (Deep Elf Cinder Acolyte)     Turns: 1658, Time: 00:02:10

Health: -5/22      AC:  2    Str: 11    XL:     3   Next: 17%
Magic:  0/10       EV: 11    Int: 20    God:    Ignis [*****.]
Gold:   15         SH:  0    Dex: 10    Spells: 8/10 levels left

rFire   + . .      SeeInvis .   a - -1 short sword (flame)
rCold   . . .      Faith    .   (no shield)
rNeg    . . .      Spirit   .   b - +0 robe
rPois   .          Reflect  .   (no helmet)
rElec   .          Harm     .   (no cloak)
rCorr   .          Rampage  .   (no gloves)
Will    .....                   (no boots)
Stlth   +.........              (no amulet)
HPRegen 0.07/turn               (no ring)
MPRegen 0.12/turn               (no ring)

@: no status effects
A: no striking features
a: Renounce Religion, Fiery Armour, Foxfire Swarm, Rising Flame


You were on level 2 of the Dungeon.
You worshipped Ignis.
Ignis was extremely pleased with you.
You visited 1 branch of the dungeon, and saw 2 of its levels.

You collected 15 gold pieces.

Inventory:

Hand Weapons
 a - a -1 short sword of flaming (weapon)
 d - a +1 dagger of holy wrath
Armour
 b - a +0 robe (worn)
Scrolls
 h - a scroll of amnesia
 i - a scroll of immolation {unknown}
Potions
 c - a potion of lignification {unknown}
 e - a potion of curing {unknown}
 f - a potion of flight {unknown}
 g - a potion of invisibility {unknown}


   Skills:
 - Level 2.4 Fighting
 - Level 3.0 Short Blades
 + Level 4.3 Spellcasting
 - Level 3.2 Fire Magic


You had 8 spell levels left.
You knew the following spells:

 Your Spells              Type           Power      Damage    Failure   Level
a - Scorch                Fire           34%        2d7       4%          2

Your spell library contained the following spells:

 Spells                   Type           Power      Damage    Failure   Level


Dungeon Overview and Level Annotations

Branches:
Dungeon (2/15)

Altars:

Annotations:
D:2 Sigmund


Message History

You kill the worm!
Your magical contamination has completely faded away.
You see here a ball python corpse.
You see here a ball python corpse.
Sigmund the Dreaded comes into view.
He is wielding a +3 scythe of protection.
Sigmund shouts!
Flames lash Sigmund.
Sigmund is moderately wounded.
Sigmund's fire resistance burns away.
Sigmund hits you from afar with a +3 scythe of protection!
Flames lash Sigmund.
Sigmund is burned terribly!
Sigmund is heavily wounded.
A hobgoblin comes into view.
Flames lash the hobgoblin.
You kill the hobgoblin!
Sigmund hits you from afar with a +3 scythe of protection.
Casting: Scorch (safe; 4% risk of failure)
Press: ? - help, Q - select action Dir - look around, f - activate Flames lash Sigmund.
Sigmund is burned terribly!
Sigmund is heavily wounded.
Sigmund gestures at you while chanting. The magic dart hits you.
* * * LOW HITPOINT WARNING * * *
Casting: Scorch (safe; 4% risk of failure)
Press: ? - help, Q - select action Dir - look around, f - activate Flames lash Sigmund but do no damage.
Sigmund misses you.
Unknown command.
You see here a ball python corpse.
Casting: Scorch (safe; 4% risk of failure)
Press: ? - help, Q - select action Dir - look around, f - activate Flames lash Sigmund.
Sigmund is severely wounded.
Sigmund's fire resistance burns away.
Sigmund mumbles some strange words.
Sigmund flickers and vanishes!
Deactivating autopickup; reactivate with Ctrl-A.
A magic dart appears from out of thin air!
The magic dart hits you!
You die...

#.. #.# # #<# .#
#.######### #.#
#.#.{.{.††# ##..†
#†#.#####.# ##.#
#.#.# #.####.##
##.#.## #.@.@..#
#####.†@..#########.#
................#
##.#
###..#.....####.# #..
#..##.#.## ### #.
#.#.# . #.#.# ..
..... #.... ## ###


There were no monsters in sight!

Vanquished Creatures
  An adder (D:2)
  A worm (D:2)
  4 bats (D:1)
  2 endoplasms (D:1)
  A giant cockroach (D:1)
  2 goblins (D:1)
  2 hobgoblins
  2 kobolds (D:1)
  6 ball pythons
  2 rats
23 creatures vanquished.

Notes
Turn   | Place    | Note
-------+----------+-------------------------------------------
     0 | D:1      | horus123 the Deep Elf Cinder Acolyte began the quest for
                  | the Orb.
     0 | D:1      | Reached XP level 1. HP: 13/13 MP: 5/5
    34 | D:1      | Reached skill level 2 in Spellcasting
   494 | D:1      | Reached skill level 3 in Spellcasting
   494 | D:1      | Reached XP level 2. HP: 16/18 MP: 8/8
   497 | D:1      | Learned a level 2 spell: Scorch
   739 | D:1      | Found a faded altar of an unknown god.
  1463 | D:2      | Reached skill level 4 in Spellcasting
  1465 | D:2      | Reached XP level 3. HP: 22/22 MP: 2/10
  1636 | D:2      | Noticed Sigmund
  1640 | D:2      | HP: 1/22 [Sigmund/magic dart (6)]
  1658 | D:2      | Killed from afar by Sigmund

Illustrated notes

Levels and vault maps discovered:
D:1:      amcnicky_arrival_feature_with_door, layout_basic,
          dilly_ecumenical_altar_fadedgnrine, grunt_decor_resistance,
          serial_bayou_crossing
D:2:      layout_loops_ring, uniq_sigmund, uniq_crazy_yiuf_cottage

Skill      XL: |  1  2 |
---------------+-------+-----
Spellcasting   | 3 4 |  4.3
Fighting       | |  2.4
Short Blades   | |  3.0
Fire Magic     | |  3.2

Action                   || total
-------------------------++-------
Melee: Short sword       ||    25
 Cast: Scorch            ||    21
  Use: Scroll            ||     2
Armor: Robe              ||    16
Dodge: Dodged            ||    25
